 Dungeon Crawl Stone Soup version 0.27.0-65-ge2af304b15 (webtiles) character file.

Game seed: 17455828641098674394

13 tovald2 the Grasshopper (level 2, -4/22 HPs)
             Began as a Demonspawn Warper on Aug 19, 2021.
             Slain by a worm (9 damage)
             ... on level 2 of the Dungeon.
             The game lasted 00:02:03 (1347 turns).

tovald2 the Grasshopper (Demonspawn Warper)         Turns: 1347, Time: 00:02:03

Health: -4/22      AC:  3    Str: 11    XL:     2   Next: 24%
Magic:  5/5        EV: 11    Int: 14    God:
Gold:   61         SH:  0    Dex: 12    Spells: 5/5 levels left

rFire    . . .     SeeInvis .   a - +0 falchion
rCold    . . .     Faith    .   (no shield)
rNeg     . . .     Spirit   .   b - +0 leather armour
rPois    .         Reflect  .   (no helmet)
rElec    .         Harm     .   (no cloak)
rCorr    .         Rampage  .   (no gloves)
Will     +....                  (no boots)
Stlth    +.........             (no amulet)
HPRegen  0.07/turn              i - ring of willpower
MPRegen  0.09/turn              (no ring)

@: no status effects
A: powered by death 1
a: no special abilities


You were on level 2 of the Dungeon.
You visited 1 branch of the dungeon, and saw 2 of its levels.

You collected 61 gold pieces.

Inventory:

Hand Weapons
 a - a +0 falchion (weapon)
Missiles
 d - 5 boomerangs of dispersal (quivered)
Armour
 b - a +0 leather armour (worn)
Jewellery
 i - a ring of willpower (left hand)
Scrolls
 c - a scroll of blinking
 f - a scroll of fear {unknown}
 h - a scroll of noise {unknown}
 k - a scroll of fog {unknown}
 l - a scroll of teleportation {unknown}
Potions
 e - a potion of cancellation {unknown}
 g - a potion of magic {unknown}
 j - a potion of might {unknown}


   Skills:
 * Level 2.0 Fighting
 * Level 2.0 Long Blades
 + Level 0.8 Throwing
 + Level 1.1 Armour
 * Level 1.7 Dodging
 * Level 2.2 Spellcasting
 * Level 2.9 Translocations


You had 5 spell levels left.
You didn't know any spells.
Your spell library contained the following spells:

 Spells                   Type           Power      Damage    Failure   Level
 Blink                    Tloc           N/A        N/A       14%         2
 Gell's Gravitas          Tloc           4%         N/A       28%         3
 Lesser Beckoning         Tloc           4%         N/A       28%         3
 Teleport Other           Tloc           9%         N/A       28%         3
 Manifold Assault         Tloc           9%         N/A       95%         5


Dungeon Overview and Level Annotations

Branches:
Dungeon (2/15)

Altars:


Innate Abilities, Weirdness & Mutations

You regenerate a little health from kills.


Message History

You hit the bat but do no damage.
The bat is moderately wounded.
The bat barely misses you.
You riposte.
You slash the bat!
You kill the bat!
You see here a bat corpse.
k - a scroll labelled ZUERCHIB RYGGA
There is an escape hatch in the floor here.
There is an open door here.
There is an open door here.
Things that are here:
a +0 dagger; a hobgoblin skeleton; a goblin skeleton
l - a scroll labelled DOGIR LEOCUNODGH The endoplasm quivers.
Done exploring.
Done exploring.
(D) Dungeon
Where to? (? - help)
There is a stone staircase leading down here.
You climb downwards.
A worm comes into view.
There is a stone staircase leading up here.
You hit the worm.
The worm is lightly wounded.
The worm barely misses you.
You barely miss the worm.
The worm is lightly wounded.
The worm bites you!
You hit the worm.
The worm is moderately wounded.
You hit the worm.
The worm is heavily wounded.
The worm barely misses you.
You slash the worm!
The worm is almost dead.
The worm bites you!
* * * LOW HITPOINT WARNING * * *
You hit the worm.
The worm is almost dead.
The worm bites you!
You die...

#.........
##........##
#..........#
..........#
#.........#
#.........#
#.........#
#<......#
##@....##
.......w#####
#...###.. ..
####


You could see a worm.

Vanquished Creatures
  2 giant cockroaches (D:1)
  2 goblins (D:1)
  2 hobgoblins (D:1)
  2 quokkas (D:1)
  A ball python (D:1)
  A bat (D:1)
  A frilled lizard (D:1)
11 creatures vanquished.

Notes
Turn   | Place    | Note
-------+----------+-------------------------------------------
     0 | D:1      | tovald2 the Demonspawn Warper began the quest for the Orb.
     0 | D:1      | Reached XP level 1. HP: 16/16 MP: 3/3
   478 | D:1      | Reached skill level 1 in Armour
   710 | D:1      | Gained mutation: You regenerate a little health from kills.
                  | [demonic ancestry]
   710 | D:1      | Reached XP level 2. HP: 20/22 MP: 5/5
  1347 | D:2      | Slain by a worm

Illustrated notes

Levels and vault maps discovered:
D:1:      erik_arrival_cave_to_civilisation [erik_arrival_cave_to_temple],
          layout_basic
D:2:      layout_rooms, uniq_sigmund, uniq_crazy_yiuf_cottage, uniq_robin

Skill      XL: |  1  2 |
---------------+-------+-----
Armour         | 1 |  1.1
Long Blades    | 2 |  2.0
Fighting       | |  2.0
Throwing       | |  0.8
Dodging        | |  1.7
Spellcasting   | |  2.2
Translocations | |  2.9

Action                   || total
-------------------------++-------
Melee: Falchion          ||    55
Armor: Leather armour    ||    19
Dodge: Dodged            ||    36
       Rpst.: Falchion   ||    15
